 Dungeon Crawl Stone Soup version 0.30-b1-2-g02819fbbbe (webtiles) character file.

Game seed: 17284681611939394938

1594129 LLlMATKO the Axe Maniac (level 27, 273/273 HPs)
             Began as a Minotaur Berserker on Sept 9, 2023.
             Was the Champion of Trog.
             Escaped with the Orb
             ... and 3 runes!
             The game lasted 02:17:44 (83863 turns).

LLlMATKO the Axe Maniac (Minotaur Berserker)       Turns: 83863, Time: 02:17:44

Health: 273/273    AC: 44    Str: 40    XL:     27
Magic:  22/22      EV: 19    Int:  6    God:    Trog [******]
Gold:   7475       SH: 24    Dex: 13    Spells: 26/26 levels left

rFire   + + +        w - +9 broad axe (heavy)
rCold   + + +        V - +1 tower shield {reflect}
rNeg    + + +        C - +9 scales of the Dragon King {rPois rF+ rC+ Will+}
rPois   +            h - -2 hat of the Alchemist {rElec rPois rF+ rC+ rN+ Will+ rMut rCorr}
rElec   +            r - +3 cloak of Juvveq {rF+ rC+ rCorr}
rCorr   +            f - +1 pair of gloves of Vet Afoc {Will+ SInv}
SInv    +            G - +0 pair of boots "Uteav" {Will+ Regen+ Int+3}
Will    +++++        I - amulet "Qon Jilu" {Spirit Str+4} Stlth
                     W - ring "Haffy" {Drain rF+++ rC+ rN+ rCorr}
HPRegen 1.45/turn    O - ring of Rooriph {rC+ rN+ Will++}
MPRegen 0.18/turn

%: reflection, resist mutation, guardian spirit
@: no status effects
A: horns 2, retaliatory headbutt, deterioration 1, strong 1
0: Orb of Zot
}: 3/15 runes: barnacled, silver, gossamer
a: Renounce Religion, Berserk, Trog's Hand, Brothers in Arms


You escaped.
You worshipped Trog.
Trog was exalted by your worship.
You visited 14 branches of the dungeon, and saw 54 of its levels.
You visited the Abyss 1 time.
You also visited: Bailey, Gauntlet, Ice Cave, Wizlab and Desolation.

You collected 8591 gold pieces.
You spent 1116 gold pieces at shops.

Inventory:

Hand Weapons
 k - the +9 broad axe "Uclur" {freeze, rElec rPois rC-}
   (You found it on level 3 of the Crypt)

   rC:        It makes you vulnerable to cold.
   rElec:     It insulates you from electricity.
   rPois:     It protects you from poison.
 q - the +8 sling of the Immovable Shrikes {heavy, rF++ Dex+2}
   (You found it on level 1 of the Lair of Beasts)

   Dex:       It affects your dexterity (+2).
   rF:        It greatly protects you from fire.
 w - a +9 heavy broad axe (weapon)
Missiles
 a - 22 javelins
 l - 78 poisoned darts (quivered)
 R - 7 throwing nets
Armour
 f - the +1 pair of gloves of Vet Afoc (worn) {Will+ SInv}
   (You found it in the Desolation of Salt)

   SInv:      It lets you see invisible.
   Will:      It increases your willpower.
 h - the -2 hat of the Alchemist (worn) {rElec rPois rF+ rC+ rN+ Will+ rMut rCorr}
   (You found it in a wizard's laboratory)

   rF:        It protects you from fire.
   rC:        It protects you from cold.
   rElec:     It insulates you from electricity.
   rPois:     It protects you from poison.
   rN:        It protects you from negative energy.
   rCorr:     It protects you from acid and corrosion.
   rMut:      It protects you from mutation.
   Will:      It increases your willpower.
 m - the +3 pair of gauntlets of War {Slay+5}
   (You acquired it on level 14 of the Dungeon)

   Slay:      It affects your accuracy & damage with ranged weapons and melee
   (+5).
 o - the +0 mask of the Dragon {Will+ Slay+3 SInv}
   (You bought it in a shop on level 14 of the Dungeon)

   Slay:      It affects your accuracy & damage with ranged weapons and melee
   (+3).
   SInv:      It lets you see invisible.
   Will:      It increases your willpower.
 r - the +3 cloak of Juvveq (worn) {rF+ rC+ rCorr}
   (You bought it in a shop on level 2 of the Orcish Mines)

   rF:        It protects you from fire.
   rC:        It protects you from cold.
   rCorr:     It protects you from acid and corrosion.
 C - the +9 scales of the Dragon King (worn) {rPois rF+ rC+ Will+}
   (You took it off Parghit on level 1 of the Realm of Zot)

   rF:        It protects you from fire.
   rC:        It protects you from cold.
   rPois:     It protects you from poison.
   Will:      It increases your willpower.
 G - the +0 pair of boots "Uteav" (worn) {Will+ Regen+ Int+3}
   (You found it in the Desolation of Salt)

   Int:       It affects your intelligence (+3).
   Regen:     It increases your rate of health regeneration.
   Will:      It increases your willpower.
 U - the +3 crystal plate armour of Woskuck {rC+ Str-2 Dex+2 Slay+2}
   (You acquired it on level 14 of the Dungeon)

   Str:       It affects your strength (-2).
   Dex:       It affects your dexterity (+2).
   Slay:      It affects your accuracy & damage with ranged weapons and melee
   (+2).
   rC:        It protects you from cold.
 V - a +1 tower shield of reflection (worn)
Jewellery
 b - the ring "Numeo" {EV+5 Int-5 Dex+2 Slay+2}
   (You found it in the Desolation of Salt)

   [ring of evasion]

   EV:        It affects your evasion (+5).
   Int:       It affects your intelligence (-5).
   Dex:       It affects your dexterity (+2).
   Slay:      It affects your accuracy & damage with ranged weapons and melee
   (+2).
 y - the amulet of the Final Decision {Harm *Corrode rElec rN++ Regen+}
   (You found it on level 3 of the Crypt)

   [amulet of regeneration]

   rElec:     It insulates you from electricity.
   rN:        It greatly protects you from negative energy.
   Regen:     It increases your rate of health regeneration.
   *Corrode:  It may corrode you when you take damage.
   Harm:      It increases damage dealt and taken.
 H - the ring "Cus Huno" {Wiz Fly rN+ Dex+3}
   (You found it on level 2 of the Vaults)

   [ring of wizardry]

   It improves your spell success rate.
   Dex:       It affects your dexterity (+3).
   rN:        It protects you from negative energy.
   Fly:       It grants you flight.
 I - the amulet "Qon Jilu" (around neck) {Spirit Str+4}
   (You found it in a Gauntlet)

   [amulet of guardian spirit]

   It causes incoming damage to be divided between your reserves of health and
   magic.
   Str:       It affects your strength (+4).
 O - the ring of Rooriph (right hand) {rC+ rN+ Will++}
   (You found it on level 3 of the Crypt)

   [ring of positive energy]

   rC:        It protects you from cold.
   rN:        It protects you from negative energy.
   Will:      It greatly increases your willpower.
 W - the ring "Haffy" (left hand) {Drain rF+++ rC+ rN+ rCorr}
   (You found it in the Desolation of Salt)

   [ring of protection from cold]

   rF:        It renders you almost immune to fire.
   rC:        It protects you from cold.
   rN:        It protects you from negative energy.
   rCorr:     It protects you from acid and corrosion.
   Drain:     It drains your maximum health when unequipped.
 Y - the ring "Furir" {rN+ Str+3 Int+5 Dex-3}
   (You found it on level 3 of the Crypt)

   [ring of positive energy]

   Str:       It affects your strength (+3).
   Int:       It affects your intelligence (+5).
   Dex:       It affects your dexterity (-3).
   rN:        It protects you from negative energy.
Wands
 p - a wand of roots (51)
 t - a wand of mindburst (57)
 E - a wand of charming (43)
 N - a wand of quicksilver (22)
 P - a wand of polymorph (23)
 Q - a wand of flame (152)
 Z - a wand of digging (15)
Scrolls
 g - 12 scrolls of noise
 i - 50 scrolls of identify
 j - 18 scrolls of poison
 u - 38 scrolls of teleportation
 B - 9 scrolls of fear
 D - a scroll of enchant weapon
 F - 9 scrolls of blinking
 J - a scroll of magic mapping
 L - 13 scrolls of enchant armour
 S - 6 scrolls of silence
 T - 8 scrolls of vulnerability
Potions
 d - 27 potions of curing
 e - 8 potions of ambrosia
 n - 2 potions of haste
 s - 4 potions of resistance
 v - 11 potions of flight
 x - 10 potions of invisibility
 z - 2 potions of magic
 A - 10 potions of might
 K - 6 potions of heal wounds
 M - 9 potions of cancellation


   Skills:
 O Level 27 Fighting
 O Level 27 Axes
 - Level 14.0 Ranged Weapons
 O Level 27 Armour
 O Level 27 Dodging
 + Level 25.1 Shields


You had 26 spell levels left.
You didn't know any spells.
Your spell library was empty.

Dungeon Overview and Level Annotations

Branches:
Dungeon (15/15)            Temple (0/1) D:6            Lair (5/5) D:8
 Shoals (4/4) Lair:3       Spider (4/4) Lair:2        Slime (0/5) Lair:5
    Orc (2/2) D:10            Elf (3/3) Orc:2        Vaults (5/5) D:13
  Crypt (3/3) Vaults:2       Tomb (1/3) Crypt:3      Depths (4/4) D:15
   Hell (visited)             Dis (1/7) Hell            Geh (1/7) Hell
    Coc (0/7) Hell            Tar (0/7) Hell            Zot (5/5) Depths:4
 Bailey (visited)           IceCv (visited)          WizLab (visited)
Desolation (visited)      Gauntlet (visited)

Altars:
Dithmenos
Elyvilon
Fedhas
Kikubaaqudgha
Makhleb
Nemelex Xobeh
Ru
Uskayaw
Vehumet
Wu Jian
Yredelemnul
Zin
The Shining One
Jiyva
Lugonu

Shops:
D:13 =   D:14 *   Orc:2 :=*[   Elf:1 (=:   Elf:3 (   Shoals:4 [   Vaults:3 :
Vaults:4 !   Depths:1 *

Portals:
Hell: Depths:1 Depths:2 Depths:3 Depths:4
Abyss: Lair:5 Depths:1 Depths:3
Pandemonium: Depths:2 Depths:4
Ziggurat: Depths:2
Trove: Vaults:3 (give 2 scrolls of acquirement)

Annotations:
Elf:1 1 runed translucent door


Innate Abilities, Weirdness & Mutations

You have a pair of horns on your head.
You reflexively headbutt those who attack you in melee.
Your body sometimes deteriorates upon taking damage.
Your muscles are strong. (Str +4, Int/Dex -1)


Message History

You hear a loud clanging noise!
Really read the scroll of noise?
As you read the scroll of noise, it crumbles to dust.
You hear a loud clanging noise!
Really read the scroll of noise?
As you read the scroll of noise, it crumbles to dust.
You hear a loud clanging noise!
Really read the scroll of noise?
As you read the scroll of noise, it crumbles to dust.
You hear a loud clanging noise!
Really read the scroll of noise?
As you read the scroll of noise, it crumbles to dust.
You hear a loud clanging noise!
Really read the scroll of noise?
Uppercase [Y]es or [N]o only, please.
Really read the scroll of noise? [Y]es or [N]o only, please.
Really read the scroll of noise? [Y]es or [N]o only, please.
Really read the scroll of noise?
As you read the scroll of noise, it crumbles to dust.
You hear a loud clanging noise!
Really read the scroll of noise?
As you read the scroll of noise, it crumbles to dust.
You hear a loud clanging noise!
Really read the scroll of noise?
As you read the scroll of noise, it crumbles to dust.
You hear a loud clanging noise!
Really read the scroll of noise?
As you read the scroll of noise, it crumbles to dust.
You hear a loud clanging noise!
As you read the scroll of butterflies, it crumbles to dust.
You hear the flapping of tiny wings.
As you read the scroll of butterflies, it crumbles to dust.
You hear the flapping of tiny wings.
Your butterfly is knocked back by the sudden gust. x5
Okay, then.
Search for what [Enter for "manu", or ? for help]? summ Search for what [Enter for "summ", or ? for help]? acq You have escaped!

#######################
♣≈≈≈≈≈≈≈≈≈≈≈≈≈≈≈≈≈≈≈≈≈
♣♣♣♣≈≈≈≈≈≈≈≈≈≈≈≈≈≈≈≈≈≈ ########
♣≈≈≈b~~≈~~≈≈≈≈≈≈≈≈≈ #......#
♣♣♣♣..~~b.~~~≈≈≈≈≈≈ #.####.#
♣.bbb.......≈≈≈≈≈≈ #.# #.#
♣§§bb.bb[....~≈≈≈≈ #.# #.#
♣Pbbbbb.......~≈≈≈ #.# #†#
♣@♣.....♣.P....≈≈≈ #.# #.####
♣♣♣♣..........~~≈≈ #.# #....#
♣.P.P♣......≈≈≈
#.######################♣.....~≈≈
....#................# #P....~≈≈≈
#.#.#.##############.# #.......≈≈
..#.#.# #.# #P.....~≈≈ #.#.#.#
#.# #♣....~~~≈
#.#.#.##############.# #♣....~~≈≈


There were no monsters in sight!

Vanquished Creatures
  2 pandemonium lords
  5 dread liches
  4 orbs of fire
  4 ancient liches
  2 juggernauts (Depths:4)
  A royal mummy (Tomb:1)
  Sojobo (Depths:1)
  Parghit (Zot:1)
  Vv (Depths:3)
  The ghost of Qiwept the Fencer, a veteran BaIE of Cheibriados (Depths:4)
  The ghost of Heoriaro the Bludgeoner, a legendary GnFi of Cheibriados (Zot:4)
  Margery (Crypt:3)
  4 Killer Klowns
  6 curse toes
  Saint Roka (Vaults:2)
  Geryon (Hell)
  12 golden dragons
  A caustic shrike (Depths:1)
  Jory (Vaults:5)
  Nikola (Vaults:3)
  A mutant beast (WizLab)
  2 bone dragons (Depths:4)
  Arachne (Spider:4)
  5 electric golems
  5 Hell Sentinels
  Rupert (Lair:5)
  8 liches
  Jorgrun (D:15)
  2 deep elf blademasters (Elf:3)
  27 Orb Guardians
  An Ice Fiend (D:8)
  20 tentacled monstrosities
  A walking crystal tome (Depths:1)
  9 quicksilver dragons
  A deep elf master archer (Elf:3)
  9 ancient champions
  8 death cobs
  2 krakens
  2 titans (Vaults:5)
  The ghost of Viyri the Slayer, an adept MiMo of Zin (Elf:2)
  Frances (Elf:1)
  12 sphinxes
  2 tentacled starspawn (Abyss:2)
  Kirke (Elf:1)
  Agnes (D:14)
  An Executioner (Zot:1)
  11 shadow dragons
  7 revenants
  9 draconian monks
  6 draconian knights
  Roxanne (Elf:1)
  13 storm dragons
  8 emperor scorpions
  10 frost giants
  10 tengu reavers
  Ilsuiw (Shoals:4)
  18 vault wardens
  7 fire giants
  7 deep elf sorcerers
  11 ghost moths
  A spectral caustic shrike (Crypt:3)
  2 balrugs (Hell)
  An iron dragon (Vaults:5)
  A caustic shrike zombie (Crypt:1)
  2 imperial myrmidons (Desolation)
  A cacodemon (D:7)
  5 deep elf elementalists
  9 spriggan defenders
  7 draconian shifters
  2 juggernaut zombies (Hell)
  7 ghouls
  7 draconian stormcallers
  3 angels
  4 curse skulls
  18 ironbound preservers
  4 draconian annihilators
  8 draconian scorchers
  6 reapers
  32 very ugly things
  An orc warlord (Vaults:1)
  A quicksilver ooze (shapeshifter) (Depths:1)
  A war gargoyle (Vaults:5)
  10 green draconians
  A juggernaut skeleton (Depths:1)
  10 vampire knights
  4 broodmothers
  15 stone giants
  10 deep elf annihilators
  10 black draconians
  7 deep elf demonologists
  18 red draconians
  6 ironbound thunderhulks
  14 dire elephants
  A lorocyproca (Hell)
  A minotaur (Gauntlet)
  2 halazid warlocks (Desolation)
  11 purple draconians
  10 yellow draconians
  6 spark wasps
  2 blizzard demons
  10 white draconians
  6 eidola
  11 deep elf death magi
  3 merfolk javelineers
  17 ettins
  A mummy priest (Tomb:1)
  4 crystal guardians
  9 fire dragons
  A quicksilver dragon zombie (Crypt:3)
  An entropy weaver (shapeshifter) (WizLab)
  2 spectral spriggans (Crypt:3)
  14 jiangshi
  7 merfolk impalers
  5 deep elf high priests
  5 ragged hierophants (Desolation)
  11 entropy weavers
  8 yaktaur captains
  10 great orbs of eyes
  4 rakshasas
  7 hydras
  8 ice dragons
  A catoblepas (Shoals:3)
  7 servants of whispers (Desolation)
  26 vault guards
  A hell beast (D:7)
  8 ironbound frosthearts
  6 peacekeepers
  A ghost crab (Gauntlet)
  2 jorogumos (Spider:4)
  8 spriggan air magi
  3 death knights
  6 merfolk aquamancers
  15 centaur warriors
  2 two-headed ogres (D:9)
  A radroach (Spider:1)
  4 satyrs
  35 dancing weapons
  2 alligator snapping turtles
  3 hell hogs
  A merfolk avatar (Shoals:2)
  10 boulder beetles
  8 tengu warriors
  11 death yaks
  9 deep troll earth magi
  A spectral dire elephant (Crypt:3)
  10 vampire magi
  A titan zombie (Depths:1)
  10 deep troll shamans
  5 orc high priests (Orc:2)
  A shock serpent (shapeshifter) (Depths:1)
  3 spriggan berserkers
  12 hell knights
  21 deep elf knights
  A wretched star (Abyss:2)
  9 sun demons
  2 crystal echidnas (Hell)
  5 thrashing horrors
  The ghost of Cris the Destroyer, a novice DsCj of Hepliaklqana (D:7)
  The ghost of phunky83 the Cleaver, a novice HOMo of Beogh (D:8)
  8 iron trolls
  A titan skeleton (Crypt:3)
  2 sixfirhies
  5 skysharks
  6 soul eaters
  19 shadow wraiths
  A death drake (shapeshifter) (Elf:2)
  A spark wasp zombie (Hell)
  8 flayed ghosts
  10 sea snakes
  11 pharaoh ants
  14 skeletal warriors
  56 deep trolls
  A glowing orange brain (Depths:3)
  9 orb spiders
  A glowing orange brain (shapeshifter) (WizLab)
  A harpy (shapeshifter) (WizLab)
  10 deep elf archers
  7 steelbarb worms
  4 bog bodies
  11 orc knights
  4 orange crystal statues
  An anaconda skeleton (Crypt:1)
  A sphinx zombie (Crypt:3)
  5 wizards
  A lindwurm (shapeshifter) (Elf:3)
  22 ironbound convokers
  16 lindwurms
  A swamp dragon (shapeshifter) (Elf:1)
  27 harpies
  11 necromancers
  32 phantasmal warriors
  25 wolf spiders
  32 deep elf zephyrmancers
  29 ugly things
  31 deep elf pyromancers
  2 fire giant zombies (Hell)
  9 manticores
  6 cyclopes
  2 salamanders (shapeshifter) (WizLab)
  A manticore (shapeshifter) (WizLab)
  14 fauns
  A stone giant zombie (Depths:1)
  4 iron dragon zombies
  2 worldbinders
  3 elephants (Lair:2)
  An iron dragon skeleton (Tomb:1)
  25 moths of wrath
  A wolf spider (shapeshifter) (WizLab)
  A faun (shapeshifter) (Vaults:5)
  Maurice (D:9)
  A black mamba (shapeshifter) (WizLab)
  2 black mambas (Lair:2)
  A moth of wrath (shapeshifter) (WizLab)
  10 merfolk sirens
  A naga zombie (Hell)
  2 guardian serpents (shapeshifter) (WizLab)
  5 water nymphs
  A guardian serpent (Desolation)
  2 rust devils
  5 smoke demons
  An ice statue (IceCv)
  2 stone giant skeletons
  7 torpor snails
  An apocalypse crab (Abyss:2)
  20 vault sentinels
  Joseph (D:8)
  9 molten gargoyles
  10 demonic crawlers
  11 cane toads
  A black draconian zombie (Crypt:1)
  6 orange demons
  A cane toad (shapeshifter) (WizLab)
  A dire elephant skeleton (Tomb:1)
  A storm dragon simulacrum (Hell)
  3 spriggan zombies (Hell)
  A naga skeleton (Crypt:1)
  2 rime drakes (Lair:2)
  An unseen horror (D:11)
  2 minotaur zombies
  11 freezing wraiths
  A tormentor (Hell)
  A hellion (Hell)
  10 komodo dragons
  A kobold demonologist (D:12)
  37 yaktaurs
  2 efreet
  A tengu conjurer (Depths:4)
  3 ice devils
  A komodo dragon (shapeshifter) (WizLab)
  2 purple draconian skeletons
  2 ancient zymes (Lair:5)
  An alligator snapping turtle skeleton (Crypt:2)
  A red draconian skeleton (Crypt:1)
  A minotaur skeleton (Crypt:1)
  A white draconian skeleton (Crypt:3)
  10 wind drakes
  2 guardian mummies (Tomb:1)
  A queen bee (D:7)
  A troll (shapeshifter) (WizLab)
  5 red devils
  16 merfolk
  6 trolls
  A hydra zombie (Crypt:1)
  2 wind drakes (shapeshifter) (WizLab)
  Prince Ribbit (D:9)
  A meliai (shapeshifter) (Lair:5)
  2 tarantellas (shapeshifter)
  2 queen bees (shapeshifter) (WizLab)
  38 saltlings (Desolation)
  A harpy skeleton (Crypt:2)
  2 ettin zombies (Hell)
  A tengu simulacrum (Depths:1)
  A death drake skeleton (Crypt:2)
  4 hornets
  23 tarantellas
  22 blink frogs
  A jumping spider zombie (Crypt:2)
  5 snapping turtles
  14 dream sheep
  2 raiju (Abyss:2)
  A slime creature (shapeshifter) (Vaults:5)
  A jumping spider (shapeshifter) (WizLab)
  A centaur simulacrum (D:15)
  17 large abominations
  4 wyverns
  27 slime creatures
  An ettin skeleton (Crypt:1)
  A frost giant simulacrum (Depths:1)
  3 culicivoras (shapeshifter)
  19 flying skulls
  24 water elementals
  3 spriggans
  26 jumping spiders
  11 shadows
  14 culicivoras
  A vampire (D:13)
  4 air elementals
  4 fire elementals
  2 spriggans (shapeshifter) (WizLab)
  16 wraiths
  8 basilisks
  An ushabti (Tomb:1)
  A ynoxinul (Lair:5)
  46 yaks
  A hog (shapeshifter) (WizLab)
  2 humans (shapeshifter)
  4 death yak simulacra (IceCv)
  Grum (D:9)
  5 golden eyes
  2 chaos spawn
  2 neqoxecs
  A human (Elf:1)
  A redback (shapeshifter) (WizLab)
  76 redbacks
  14 vampire mosquitoes
  2 iron golems
  A redback simulacrum (D:15)
  A steam dragon (Lair:4)
  2 wargs
  A human zombie (Depths:1)
  5 acid dragons
  9 hell hounds
  16 water moccasins
  A floating eye (shapeshifter) (Vaults:1)
  4 floating eyes (WizLab)
  2 sky beasts
  36 orc warriors
  4 ice beasts
  4 black bears
  A black bear (shapeshifter) (Lair:5)
  A boggart (shapeshifter) (Vaults:5)
  8 ogres
  7 boggarts
  9 wolves
  9 centaurs
  A phantom (D:7)
  11 kobold brigands
  20 bullfrogs
  2 necrophages
  8 earth elementals
  10 two-headed ogre simulacra (IceCv)
  4 scorpions
  A cane toad simulacrum (IceCv)
  A queen bee zombie (Crypt:3)
  22 small abominations
  A cyclops skeleton (Crypt:2)
  3 elephant simulacra (IceCv)
  20 killer bees
  An electric eel (Lair:5)
  4 howler monkeys
  3 crimson imps (Gauntlet)
  3 hounds
  2 jellies
  A centaur skeleton (Crypt:2)
  Crazy Yiuf (D:7)
  32 orc priests
  2 gnoll boudas
  A human skeleton (Crypt:3)
  4 iguanas
  13 orc wizards
  6 polar bear simulacra
  A killer bee zombie (Crypt:1)
  6 spriggan simulacra
  A wolf simulacrum (IceCv)
  4 troll simulacra (IceCv)
  2 tengu zombies
  5 mummies (Tomb:1)
  12 gnolls
  9 adders
  5 naga simulacra (IceCv)
  A swamp drake skeleton (Crypt:2)
  8 white imps
  8 ufetubi
  A worm (D:3)
  A dart slug (D:2)
  92 orcs
  3 bats
  4 endoplasms
  4 giant cockroaches
  5 hobgoblins
  2 quokkas
  2 ball pythons (D:1)
  A frilled lizard (shapeshifter) (Depths:2)
  3 frilled lizards
  12 goblins
  A jackal skeleton (Crypt:3)
  25 kobolds
  A kobold zombie (Crypt:1)
  5 rats
  A rat skeleton (Crypt:2)
  A rat zombie (Crypt:1)
  2 spectral orcs
  2 starspawn tentacles (Abyss:2)
  2 tentacles
2678 creatures vanquished.

Vanquished Creatures (collateral kills)
  A deep elf blademaster (Elf:2)
  A merfolk impaler (Shoals:4)
  2 merfolk javelineers (Shoals:4)
  A deep elf high priest (Elf:3)
  A hydra (D:10)
  3 dancing weapons (Elf:2)
  A deep elf pyromancer (Elf:2)
  A wizard (Vaults:1)
  A manticore (Shoals:4)
  A merfolk siren (Shoals:4)
  A rime drake (shapeshifter) (Elf:3)
  2 merfolk (Shoals:4)
  A snapping turtle (Shoals:4)
17 creatures vanquished.

Vanquished Creatures (others)
  A lich (Depths:1)
  A fire giant (Depths:2)
  A deep elf knight (Elf:1)
  A deep elf zephyrmancer (Elf:1)
  A phantasmal warrior (Vaults:5)
  A faun (Shoals:4)
  A manticore (D:13)
  2 humans (Elf:1)
  A wolf (Lair:4)
  2 kobold brigands
  An orc wizard (Orc:2)
  2 demonic plants (Gauntlet)
  75 fungi
  A pillar of salt (Desolation)
  81 plants
  3 starspawn tentacles (Abyss:2)
  26 tentacles
  14 withered plants
215 creatures vanquished.

Grand Total: 2910 creatures vanquished

Notes
Turn   | Place    | Note
-------+----------+-------------------------------------------
     0 | D:1      | LLlMATKO the Minotaur Berserker began the quest for the
                  | Orb.
     0 | D:1      | Reached XP level 1. HP: 19/19 MP: 0/0
   160 | D:1      | Found a faded altar of an unknown god.
   184 | D:1      | You fall into a shaft and drop 1 floor!
   205 | D:2      | Reached XP level 2. HP: 27/27 MP: 1/1
   903 | D:2      | Reached XP level 3. HP: 33/33 MP: 2/2
  1397 | D:3      | Noticed an ogre
  1403 | D:3      | Killed an ogre
  1404 | D:3      | Reached XP level 4. HP: 33/41 MP: 3/3
  1404 | D:3      | Reached XP level 5. HP: 38/47 MP: 4/4
  1407 | D:3      | Reached ** piety under Trog
  1506 | D:3      | Noticed a +0 short sword
  1507 | D:3      | Noticed a +0 short sword
  1507 | D:3      | Noticed a +0 dagger
  1507 | D:3      | Noticed a +0 dagger
  1507 | D:3      | Noticed a +0 falchion
  1508 | D:3      | Noticed a +0 spear
  1509 | D:3      | Noticed a +0 spear
  1509 | D:3      | Noticed a +0 falchion
  1514 | D:3      | Found a hide-covered altar of Uskayaw.
  1886 | D:4      | Reached skill level 5 in Fighting
  1886 | D:4      | Reached skill level 5 in Axes
  1974 | D:4      | Found an ornate altar of the Wu Jian Council.
  2117 | D:4      | Reached XP level 6. HP: 49/56 MP: 5/5
  2163 | D:4      | Found a shadowy altar of Dithmenos.
  2707 | D:5      | Entered Level 5 of the Dungeon
  2853 | D:5      | Noticed an orc warrior
  2862 | D:5      | Killed an orc warrior
  3048 | D:5      | Reached XP level 7. HP: 62/62 MP: 6/6
  3100 | D:5      | Reached skill level 5 in Armour
  3873 | D:6      | Reached *** piety under Trog
  3879 | D:6      | Reached skill level 1 in Shields
  3883 | D:6      | Reached skill level 5 in Dodging
  3971 | D:6      | Reached XP level 8. HP: 71/71 MP: 7/7
  4017 | D:6      | Found a staircase to the Ecumenical Temple.
  4250 | D:6      | Found a basalt altar of Yredelemnul.
  4390 | D:7      | Found a flagged portal.
  4400 | Bailey   | Entered a bailey
  4510 | Bailey   | Noticed an orc knight
  4540 | Bailey   | Killed an orc knight
  4615 | Bailey   | Reached XP level 9. HP: 79/79 MP: 8/8
  4787 | Bailey   | Identified the +3 ring mail of the Lobster {rPois}
  4832 | Bailey   | Reached skill level 5 in Shields
  4999 | Bailey   | Reached **** piety under Trog
  5051 | Bailey   | Found an iron altar of Okawaru.
  5242 | D:7      | Noticed a queen bee
  5244 | D:7      | Found a transporter.
  5247 | D:7      | Found a transporter.
  5248 | D:7      | Noticed Cris's ghost (novice DsCj)
  5440 | D:7      | Noticed a troll
  5449 | D:7      | Killed a troll
  5658 | D:7      | Found a runed translucent door.
  5659 | D:7      | Noticed Crazy Yiuf
  5965 | D:7      | Killed Crazy Yiuf
  6055 | D:8      | Noticed a komodo dragon
  6065 | D:8      | Reached XP level 10. HP: 90/90 MP: 9/9
  6201 | D:8      | Found a glowing golden altar of the Shining One.
  6238 | D:8      | Found a staircase to the Lair.
  6248 | D:8      | Noticed Joseph
  6270 | D:8      | Killed Joseph
  6428 | D:8      | Found a runed translucent gate.
  6428 | D:8      | Noticed a cyclops
  6428 | D:8      | Noticed phunky83's ghost (novice HOMo)
  6429 | D:8      | Found a runed translucent gate.
  6429 | D:8      | Found a runed translucent gate.
  6573 | D:8      | Found a sparkling altar of Nemelex Xobeh.
  7113 | D:9      | Noticed a two-headed ogre
  7122 | D:9      | Killed a two-headed ogre
  7123 | D:9      | Reached skill level 10 in Fighting
  7123 | D:9      | Reached skill level 10 in Axes
  7237 | D:9      | Noticed Prince Ribbit
  7247 | D:9      | Reached XP level 11. HP: 82/99 MP: 10/10
  7248 | D:9      | Noticed a fire dragon
  7254 | D:9      | Killed a fire dragon
  7254 | D:9      | Killed Prince Ribbit
  7424 | D:9      | Noticed Maurice
  7436 | D:9      | Killed Maurice
  7487 | D:9      | Found an ancient bone altar of Kikubaaqudgha.
  7488 | D:9      | Found a burning altar of Makhleb.
  7509 | D:9      | Found a blossoming altar of Fedhas.
  7687 | D:9      | Noticed Grum
  7693 | D:9      | Reached skill level 10 in Armour
  7701 | D:9      | Killed Grum
  7765 | D:9      | Noticed a two-headed ogre
  7773 | D:9      | Killed a two-headed ogre
  7888 | D:9      | Found a sacrificial altar of Ru.
  8057 | Lair:1   | Entered Level 1 of the Lair of Beasts
  8187 | Lair:1   | Noticed a boulder beetle
  8219 | Lair:1   | Killed a boulder beetle
  8900 | Lair:1   | Noticed a boulder beetle
  8926 | Lair:1   | Killed a boulder beetle
  8927 | Lair:1   | Identified the +8 sling of the Immovable Shrikes {heavy,
                  | rF++ Dex+2}
  9346 | Lair:1   | Reached skill level 10 in Dodging
  9398 | Lair:1   | Noticed a death yak
  9402 | Lair:1   | Noticed a seven-headed hydra
  9406 | Lair:1   | Noticed a skyshark
  9409 | Lair:1   | Killed a death yak
  9410 | Lair:1   | Reached skill level 1 in Ranged Weapons
  9410 | Lair:1   | Killed a ten-headed hydra
  9411 | Lair:1   | Reached XP level 12. HP: 102/110 MP: 11/11
 10033 | Lair:2   | Noticed a death yak
 10033 | Lair:2   | Noticed a death yak
 10043 | Lair:2   | Killed a death yak
 10043 | Lair:2   | Reached ***** piety under Trog
 10047 | Lair:2   | Killed a death yak
 10109 | Lair:2   | Noticed a death yak
 10109 | Lair:2   | Noticed a death yak
 10110 | Lair:2   | Noticed a death yak
 10110 | Lair:2   | Noticed a death yak
 10119 | Lair:2   | Killed a death yak
 10120 | Lair:2   | Reached skill level 10 in Shields
 10123 | Lair:2   | Killed a death yak
 10124 | Lair:2   | Killed a death yak
 10125 | Lair:2   | Killed a death yak
 11141 | Lair:2   | Found a hole to the Spider Nest.
 11604 | Lair:3   | Noticed an eight-headed hydra
 11608 | Lair:3   | Killed an eight-headed hydra
 11609 | Lair:3   | Reached skill level 5 in Ranged Weapons
 11609 | Lair:3   | Reached XP level 13. HP: 92/119 MP: 12/12
 11780 | Lair:3   | Found a staircase to the Shoals.
 11812 | Lair:3   | HP: 1/119 [boulder beetle (18)]
 12194 | Lair:3   | Found an ancient bone altar of Kikubaaqudgha.
 13046 | Lair:4   | Identified a scroll of acquirement
 13216 | Lair:4   | Found a frozen archway.
 13236 | IceCv    | Entered an ice cave
 14025 | IceCv    | Received a gift from Trog
 14362 | IceCv    | Identified the +1 hat of Light {SInv}
 15422 | Lair:5   | Entered Level 5 of the Lair of Beasts
 15529 | Lair:5   | Found a viscous altar of Jiyva.
 15530 | Lair:5   | Found a staircase to the Slime Pits.
 15919 | Lair:5   | Noticed Rupert
 15933 | Lair:5   | Killed Rupert
 15934 | Lair:5   | Reached XP level 14. HP: 129/129 MP: 13/13
 17646 | Lair:5   | Received a gift from Trog
 17800 | Lair:5   | Found a corrupted altar of Lugonu.
 17800 | Lair:5   | Found a one-way gate to the infinite horrors of the Abyss.
 18235 | D:7      | Killed Cris's ghost
 18327 | D:8      | Killed phunky83's ghost
 18389 | D:10     | Entered Level 10 of the Dungeon
 18477 | D:10     | Found a radiant altar of Vehumet.
 18612 | D:10     | Found a staircase to the Orcish Mines.
 19420 | D:10     | Identified the +5 halberd "Ogrebane" {antimagic, Fly}
 19435 | D:10     | Identified the +9 sling "Vaurhan" {flame, rF+ MP+9}
 19445 | D:10     | Acquired 846 gold pieces
 21815 | D:13     | Reached XP level 15. HP: 109/139 MP: 14/14
 22110 | D:13     | Found a gate to the Vaults.
 22140 | D:13     | Received a gift from Trog
 22566 | D:13     | Found Faajesof's Jewellery Emporium.
 23233 | D:14     | Found a gate leading to a gauntlet.
 23242 | Gauntlet | Entered a Gauntlet
 23242 | Gauntlet | Found a transporter.
 23242 | Gauntlet | Found a runed translucent door.
 23242 | Gauntlet | Found a transporter.
 23242 | Gauntlet | Found a runed translucent door.
 23244 | Gauntlet | Found a transporter.
 23244 | Gauntlet | Found a transporter.
 23247 | Gauntlet | Found a transporter.
 23253 | Gauntlet | Found a transporter.
 23255 | Gauntlet | Found a transporter.
 23256 | Gauntlet | Found a transporter.
 23258 | Gauntlet | Found a transporter.
 23266 | Gauntlet | Found a transporter.
 23269 | Gauntlet | Found a transporter.
 23316 | Gauntlet | Found a transporter.
 23584 | Gauntlet | Identified the ring "Guqousiqyo" {Wiz Int+3 SInv}
 23649 | Gauntlet | Identified the amulet "Qon Jilu" {Spirit Str+4}
 23693 | Gauntlet | Identified the +9 plate armour "Qireh" {rN+}
 23930 | D:14     | Noticed Agnes
 23936 | D:14     | Killed Agnes
 24297 | D:14     | Found Xagebb's General Store.
 24300 | D:14     | Acquired the +3 crystal plate armour of Woskuck {rC+ Str-2
                  | Dex+2 Slay+2}
 24302 | D:14     | Acquired the +3 pair of gauntlets of War {Slay+5}
 24302 | D:14     | Found the +3 pair of gauntlets of War {Slay+5}
 24391 | D:14     | Bought the +0 mask of the Dragon {Will+ Slay+3 SInv} for
                  | 434 gold pieces
 24391 | D:14     | Found the +0 mask of the Dragon {Will+ Slay+3 SInv}
 24739 | D:15     | Entered Level 15 of the Dungeon
 24929 | D:15     | Reached skill level 15 in Axes
 24997 | D:15     | Found a staircase to the Depths.
 25022 | D:15     | Noticed Jorgrun
 25029 | D:15     | Killed Jorgrun
 25030 | D:15     | Reached skill level 15 in Fighting
 25429 | Orc:1    | Entered Level 1 of the Orcish Mines
 25689 | Orc:2    | Entered Level 2 of the Orcish Mines
 26222 | Orc:2    | Found a staircase to the Elven Halls.
 27729 | Orc:2    | Reached skill level 15 in Armour
 27739 | Orc:2    | Reached skill level 10 in Ranged Weapons
 27900 | Orc:2    | Received a gift from Trog
 28191 | Orc:2    | Found Ipte's Book Emporium.
 28194 | Orc:2    | Found Lomuorou's General Store.
 28195 | Orc:2    | Found Tukhlungin's Antique Armour Emporium.
 28196 | Orc:2    | Found Xekytam's Jewellery Shoppe.
 28200 | Orc:2    | Bought the +3 cloak of Juvveq {rF+ rC+ rCorr} for 507 gold
                  | pieces
 28515 | D:13     | Bought a ring of flight for 175 gold pieces
 29340 | Lair:2   | Identified the +7 shortbow of the Wraith {antimagic, Int+6}
 29833 | Shoals:1 | Entered Level 1 of the Shoals
 30157 | Shoals:1 | Reached XP level 16. HP: 149/149 MP: 15/15
 30873 | Shoals:1 | You are sucked into a shaft and drop 1 floor!
 31382 | Shoals:2 | Identified the +0 plate armour "Wuavenn" {Drain Will+
                  | Regen+}
 32646 | Shoals:3 | Noticed a kraken
 32653 | Shoals:3 | Killed a kraken
 33157 | Shoals:3 | Reached ****** piety under Trog
 33162 | Shoals:3 | Reached skill level 15 in Shields
 33730 | Shoals:4 | Entered Level 4 of the Shoals
 34377 | Shoals:4 | Noticed Ilsuiw
 34388 | Shoals:4 | Killed Ilsuiw
 34851 | Shoals:4 | Noticed a kraken
 34879 | Shoals:4 | Reached XP level 17. HP: 74/159 MP: 9/16
 34884 | Shoals:4 | Reached skill level 15 in Dodging
 35110 | Shoals:4 | Found Oxziob's Armour Emporium.
 35579 | Shoals:4 | Killed a kraken
 35590 | Shoals:4 | Got a barnacled rune of Zot
 35680 | Shoals:4 | Received a gift from Trog
 35770 | Shoals:4 | Identified the +1 sling of Qyumigh {heavy, Dex+4}
 36248 | Spider:1 | Entered Level 1 of the Spider Nest
 36519 | Spider:1 | You are sucked into a shaft and drop 1 floor!
 37843 | Spider:1 | Identified the +9 scimitar "Zulo" {freeze, Dex+2}
 38272 | Spider:1 | Received a gift from Trog
 40684 | Spider:3 | Received a gift from Trog
 41147 | Spider:4 | Entered Level 4 of the Spider Nest
 41361 | Spider:4 | Reached XP level 18. HP: 149/170 MP: 14/17
 42322 | Spider:4 | Noticed Arachne
 42341 | Spider:4 | Killed Arachne
 42690 | Spider:4 | Received a gift from Trog
 44192 | Spider:4 | Got a gossamer rune of Zot
 44333 | Spider:4 | Received a gift from Trog
 44896 | Elf:1    | Entered Level 1 of the Elven Halls
 44896 | Elf:1    | Found a runed translucent gate.
 44896 | Elf:1    | Found a runed translucent gate.
 44896 | Elf:1    | Found a runed translucent gate.
 44896 | Elf:1    | Found a runed translucent gate.
 44896 | Elf:1    | Found a runed translucent gate.
 44896 | Elf:1    | Found a runed translucent gate.
 44901 | Elf:1    | Found a runed translucent door.
 44916 | Elf:1    | Found a runed translucent door.
 45578 | Elf:1    | Noticed Kirke
 45583 | Elf:1    | Killed Kirke
 45662 | Elf:1    | Noticed Frances
 45663 | Elf:1    | Received a gift from Trog
 45672 | Elf:1    | Killed Frances
 45769 | Elf:1    | Noticed Roxanne
 45782 | Elf:1    | Killed Roxanne
 45790 | Elf:1    | Found Ovoeko's Book Shop.
 45893 | Elf:1    | Found Weineakk's Jewellery Shop.
 46409 | Elf:1    | Identified the ring of Povump {Fly Int+6}
 46456 | Elf:1    | Found Sipawnug's Weapon Emporium.
 46748 | Elf:2    | Paralysed by an air elemental for 1 turns
 46750 | Elf:2    | Paralysed by an air elemental for 1 turns
 46757 | Elf:2    | Reached XP level 19. HP: 159/179 MP: 15/18
 46922 | Elf:2    | Received a gift from Trog
 47871 | Elf:2    | Found a runed translucent gate.
 47872 | Elf:2    | Found a runed translucent gate.
 47872 | Elf:2    | Found a runed translucent gate.
 47926 | Elf:2    | Found a runed translucent door.
 47934 | Elf:2    | Found a hide-covered altar of Uskayaw.
 47945 | Elf:2    | Found a runed translucent door.
 47946 | Elf:2    | Noticed Viyri's ghost (adept MiMo)
 48115 | Elf:2    | Killed Viyri's ghost
 48327 | Abyss:2  | Cast into level 2 of the Abyss (+2 glaive of distortion)
 48346 | Abyss:2  | Received a gift from Trog
 48455 | Abyss:2  | Found a corrupted altar of Lugonu.
 48491 | Abyss:2  | Found a corrupted altar of Lugonu.
 48516 | Abyss:2  | Found a corrupted altar of Lugonu.
 48516 | Abyss:2  | Found a corrupted altar of Lugonu.
 48516 | Abyss:2  | Found a corrupted altar of Lugonu.
 48687 | Abyss:2  | Found a runed translucent door.
 48784 | Elf:2    | Escaped the Abyss
 49215 | Elf:3    | Entered Level 3 of the Elven Halls
 49390 | Elf:3    | Received a gift from Trog
 49392 | Elf:3    | Found an ancient bone altar of Kikubaaqudgha.
 49589 | Elf:3    | Paralysed by an air elemental for 1 turns
 49856 | Elf:3    | Found Tanail's Antique Weapon Emporium.
 50148 | Elf:3    | Identified the +7 triple sword of the Charming Asp {heavy,
                  | rF- rC+ Str+4}
 50426 | Elf:3    | Reached XP level 20. HP: 45/191 MP: 3/19
 50773 | Elf:3    | HP: 8/277 [deep elf annihilator/iron shot (23)]
 51243 | Vaults:1 | Entered Level 1 of the Vaults
 51402 | Vaults:1 | Received a gift from Trog
 51601 | Vaults:1 | Found a glowing silver altar of Zin.
 51601 | Vaults:1 | Found a glowing golden altar of the Shining One.
 51602 | Vaults:1 | Found a crumbling gateway.
 51619 | Vaults:1 | Found a white marble altar of Elyvilon.
 51726 | Desolati | Entered the Desolation of Salt
 51812 | Desolati | Identified the +0 pair of boots "Uteav" {Will+ Regen+
                  | Int+3}
 51826 | Desolati | Identified the +0 ring mail "Bun Yma" {-Cast rPois SInv}
 51828 | Desolati | Identified the +4 hand axe of Superiority {flame, *Noise
                  | rPois rF+++ rC+}
 51833 | Desolati | Identified the +1 rapier of the Furious {heavy, rPois rF++}
 52120 | Desolati | Received a gift from Trog
 52584 | Desolati | Identified the +1 robe of Elyvilon, Keeping {+Inv Will+}
 52584 | Desolati | Identified the ring of Sufemeti {Fly rC+ Will+ Int+3
                  | Slay+3}
 52651 | Desolati | Identified the ring "Haffy" {Drain rF+++ rC+ rN+ rCorr}
 52654 | Desolati | Identified the ring "Numeo" {EV+5 Int-5 Dex+2 Slay+2}
 53109 | Desolati | Identified the +1 pair of gloves of Vet Afoc {Will+ SInv}
 53788 | Vaults:1 | You fall into a shaft and drop 1 floor!
 54996 | Vaults:2 | Reached XP level 21. HP: 201/201 MP: 20/20
 55008 | Vaults:2 | Identified the +6 mace "Fucsytwy" {heavy, Will+} (Trog
                  | gifted it to you on level 2 of the Vaults)
 55008 | Vaults:2 | Received a gift from Trog
 55090 | Vaults:2 | Found a staircase to the Crypt.
 55121 | Vaults:2 | Found a transporter.
 55121 | Vaults:2 | Noticed Saint Roka
 55131 | Vaults:2 | Found a transporter.
 55894 | Vaults:2 | Killed Saint Roka
 55911 | Vaults:2 | Identified the ring "Cus Huno" {Wiz Fly rN+ Dex+3}
 56059 | Vaults:3 | Found Geliase's Book Boutique.
 56220 | Vaults:3 | Noticed Nikola
 56228 | Vaults:3 | Killed Nikola
 56783 | Vaults:3 | Received a gift from Trog
 57080 | Vaults:3 | Found a portal to a secret trove of treasure.
 58317 | Vaults:4 | Found Utsulo's Distillery.
 58895 | Elf:3    | Received a gift from Trog
 59067 | Elf:3    | Reached XP level 22. HP: 203/213 MP: 19/21
 59203 | Elf:3    | Identified the staff of poison "Gauphasooch" {rPois rF+
                  | Will+ Stlth+}
 59599 | Elf:3    | Identified the staff of conjuration "Xausaj" {+Blink rF+
                  | rC+ Dex-5}
 59600 | Elf:3    | Identified the staff of fire "Bolet" {rF+ SInv}
 59610 | Elf:3    | Identified the staff of air "Araose" {rElec rPois rC+
                  | Dex+3}
 59651 | Elf:3    | Paralysed by an air elemental for 1 turns
 59700 | Elf:3    | Found Tanail's Antique Weapon Emporium.
 59951 | Elf:3    | Found an ancient bone altar of Kikubaaqudgha.
 60882 | Vaults:5 | Entered Level 5 of the Vaults
 60899 | Vaults:5 | Noticed a golden dragon
 60904 | Vaults:5 | Received a gift from Trog
 60965 | Vaults:5 | Killed a golden dragon
 61272 | Vaults:5 | Noticed Jory
 61284 | Vaults:5 | Killed Jory
 61421 | Vaults:5 | Identified the +0 leather armour of the Quahog {rElec}
 61489 | Vaults:5 | Noticed a golden dragon
 61498 | Vaults:5 | Killed a golden dragon
 61597 | Vaults:5 | Received a gift from Trog
 62045 | Vaults:5 | Identified the +9 spear "Najoh" {vamp, rF+ rCorr}
 62109 | Vaults:5 | Identified the ring of the Illusory Coins {rF+ Str+2 Dex+6}
 62786 | Vaults:5 | Noticed a dread lich
 62797 | Vaults:5 | Killed a dread lich
 62839 | Vaults:5 | Got a silver rune of Zot
 64381 | Crypt:1  | Entered Level 1 of the Crypt
 64472 | Crypt:1  | Received a gift from Trog
 64572 | Crypt:1  | Reached XP level 23. HP: 223/223 MP: 22/22
 65798 | Crypt:2  | Received a gift from Trog
 65945 | Crypt:2  | Noticed a dread lich
 65954 | Crypt:2  | Killed a dread lich
 65978 | Crypt:2  | Identified the +11 lajatang of Gloom {vamp, rF+ Will+
                  | Str+3}
 66047 | Crypt:3  | Entered Level 3 of the Crypt
 66188 | Crypt:3  | Received a gift from Trog
 66364 | Crypt:3  | Found a staircase to the Tomb.
 66607 | Crypt:3  | Found a basalt altar of Yredelemnul.
 66652 | Crypt:3  | Received a gift from Trog
 66759 | Crypt:3  | Noticed Margery
 66765 | Crypt:3  | Killed Margery
 66927 | Crypt:3  | Identified the +9 broad axe "Uclur" {freeze, rElec rPois
                  | rC-}
 66988 | Crypt:3  | Identified the amulet of the Final Decision {Harm *Corrode
                  | rElec rN++ Regen+}
 66988 | Crypt:3  | Identified the ring of Rooriph {rC+ rN+ Will++}
 66988 | Crypt:3  | Identified the ring "Furir" {rN+ Str+3 Int+5 Dex-3}
 67110 | Crypt:3  | Identified the ring "Zaumunea" {MP+9 Str+4 SInv}
 67217 | Tomb:1   | Entered Level 1 of the Tomb of the Ancients
 67408 | Tomb:1   | Received a gift from Trog
 67414 | Tomb:1   | Reached XP level 24. HP: 219/235 MP: 19/22
 67574 | Tomb:1   | Noticed a royal mummy
 67580 | Tomb:1   | Killed a royal mummy
 67930 | Depths:1 | Entered Level 1 of the Depths
 67931 | Depths:1 | Found a runed translucent door.
 68286 | Depths:1 | Received a gift from Trog
 68312 | Depths:1 | Found Gosybuec's General Store.
 68340 | Depths:1 | Found a gateway to Hell.
 68445 | Depths:1 | Noticed Sojobo
 68451 | Depths:1 | Paralysed by an air elemental for 1 turns
 68456 | Depths:1 | Killed Sojobo
 69271 | Depths:2 | Found a one-way gateway to a ziggurat.
 69432 | Depths:2 | Received a gift from Trog
 69481 | Depths:2 | Identified the amulet of Cuerch {Spirit Harm rElec Regen+
                  | Str-3}
 69520 | Depths:2 | Identified the amulet "Durphe" {RegenMP rPois}
 69685 | Depths:2 | Identified the amulet "Qukheufraka" {RegenMP rN+}
 69767 | Depths:2 | Identified the ring "Faost" {rCorr Str+6 Int+2}
 70037 | Depths:2 | Found a one-way gate leading to the halls of Pandemonium.
 70347 | Depths:2 | Reached XP level 25. HP: 245/245 MP: 22/22
 70459 | Depths:3 | Found a magical portal.
 70464 | WizLab   | Entered Cigotuvi's Fleshworks
 70693 | WizLab   | Received a gift from Trog
 70693 | WizLab   | Paralysed by a floating eye for 3 turns
 70731 | WizLab   | Found the -2 hat of the Alchemist {rElec rPois rF+ rC+ rN+
                  | Will+ rMut rCorr}
 71490 | Depths:3 | Noticed Vv
 71502 | Depths:3 | Killed Vv
 71961 | Depths:4 | Entered Level 4 of the Depths
 72044 | Depths:4 | Received a gift from Trog
 72200 | Depths:4 | Found a gate to the Realm of Zot.
 72321 | Depths:4 | Noticed a juggernaut
 72330 | Depths:4 | Killed a juggernaut
 72590 | Depths:4 | Noticed a juggernaut
 72596 | Depths:4 | Killed a juggernaut
 72697 | Depths:4 | Identified the +6 glaive of Zatuxag {freeze, rElec rPois}
 72765 | Depths:4 | Found a large runed translucent door.
 72765 | Depths:4 | Found a large runed translucent door.
 72767 | Depths:4 | Noticed Qiwept's ghost (veteran BaIE)
 73018 | Depths:4 | Killed Qiwept's ghost
 73148 | Hell     | Entered the Vestibule of Hell
 73148 | Hell     | Noticed Geryon
 73158 | Hell     | Killed Geryon
 73162 | Hell     | Noticed an ancient lich
 73166 | Hell     | Received a gift from Trog
 73261 | Hell     | Killed an ancient lich
 73400 | Hell     | Received a gift from Trog
 73407 | Hell     | Found a gateway to the decaying netherworld of Tartarus.
 73515 | Hell     | Found a gateway to the ashen valley of Gehenna.
 73591 | Hell     | Found a gateway to the Iron City of Dis.
 73596 | Hell     | Reached XP level 26. HP: 258/258 MP: 22/22
 73656 | Hell     | Found a gateway to the freezing wastes of Cocytus.
 73798 | Dis:1    | Entered Level 1 of the Iron City of Dis
 74098 | Geh:1    | Entered Level 1 of Gehenna
 74108 | Geh:1    | Noticed a dread lich
 74185 | Zot:1    | Entered Level 1 of the Realm of Zot
 74278 | Zot:1    | Noticed an orb of fire
 74284 | Zot:1    | Killed an orb of fire
 74477 | Zot:1    | Received a gift from Trog
 74678 | Zot:1    | Noticed Parghit
 74703 | Zot:1    | Killed Parghit
 75902 | Zot:2    | Received a gift from Trog
 75980 | Zot:2    | Identified the +9 long sword of the Eternal Warrior {vamp,
                  | Fragile Fly rElec rN++}
 76952 | Zot:3    | Found the +4 moon troll leather armour {Spirit, Regen++
                  | MP+5}
 78575 | Zot:4    | Found a runed translucent door.
 78578 | Zot:4    | Noticed Heoriaro's ghost (legendary GnFi)
 78695 | Zot:4    | Received a gift from Trog
 78700 | Zot:4    | Reached XP level 27. HP: 198/269 MP: 18/22
 79728 | Zot:4    | Killed Heoriaro's ghost
 79739 | Zot:4    | Identified the +1 hat of the Silversmith {Int+4 Dex-4}
 79788 | Zot:5    | Entered Level 5 of the Realm of Zot
 79956 | Zot:5    | Noticed a dread lich
 79962 | Zot:5    | Killed a dread lich
 80305 | Zot:5    | Identified the +1 battleaxe of Diblaw {flame, *Noise Int+2
                  | Dex+8 Stlth+}
 80476 | Zot:5    | Noticed an ancient lich
 80482 | Zot:5    | Killed an ancient lich
 81217 | Zot:5    | Noticed an ancient lich
 81225 | Zot:5    | Killed an ancient lich
 81226 | Zot:5    | Noticed an orb of fire
 81233 | Zot:5    | Gained mutation: Your body sometimes deteriorates upon
                  | taking damage. [an orb of fire]
 81237 | Zot:5    | Killed an orb of fire
 81238 | Zot:5    | Reached skill level 27 in Fighting
 81238 | Zot:5    | Reached skill level 27 in Axes
 81242 | Zot:5    | Reached skill level 27 in Armour
 81244 | Zot:5    | Noticed an ancient lich
 81247 | Zot:5    | Killed an ancient lich
 81856 | Zot:5    | Noticed an orb of fire
 81867 | Zot:5    | Killed an orb of fire
 81868 | Zot:5    | Noticed a dread lich
 81870 | Zot:5    | Noticed a dread lich
 81877 | Zot:5    | Received a gift from Trog
 81880 | Zot:5    | Killed a dread lich
 81886 | Zot:5    | Killed a dread lich
 82035 | Zot:5    | Noticed an orb of fire
 82044 | Zot:5    | Gained mutation: Your muscles are strong. (Str +4, Int/Dex
                  | -1) [an orb of fire]
 82047 | Zot:5    | Killed an orb of fire
 83181 | Zot:5    | Got the Orb of Zot
 83388 | Depths:4 | Noticed Wuseciesm the pandemonium lord
 83400 | Depths:3 | Killed Wuseciesm the pandemonium lord
 83567 | D:11     | Noticed Tuorar the pandemonium lord
 83712 | D:6      | Noticed Agruono the pandemonium lord
 83739 | D:6      | Killed Agruono the pandemonium lord
 83740 | D:6      | Reached skill level 27 in Dodging
 83863 | D:$      | Escaped with the Orb!

Illustrated notes

Levels and vault maps discovered:
D:1:      kennysheep_arrival_seaside, layout_basic,
          ebering_ecumenical_altar_sacrificial
D:2:      layout_rooms
D:3:      layout_rooms, nicolae_uskayaw_en_pointe
D:4:      layout_loops_ring, nicolae_wu_jian_wuxing_cycle, old_standard_altar,
          grunt_ministairs_9
D:5:      layout_loops_corners, minmay_liquid_box,
          eino_small_chamber_without_monster
D:6:      layout_basic, yredelemnul_forgotten_temple_becter,
          minmay_temple_entry_grid
D:7:      layout_basic, gammafunk_ghost_hive, enter_bailey_4,
          corexii_item_surrounded_by_moat, uniq_crazy_yiuf_cottage
D:8:      layout_loops_ring, tso_metal_star, nemelex_spade_bored_becter,
          due_lair_maze_entry_diamond, gammafunk_ghost_split,
          minmay_unpleasant_kobolds, uniq_joseph
D:9:      layout_rooms, mainiacjoe_overflow_alcove_4,
          mainiacjoe_overflow_divided_tiny, mainiacjoe_overflow_24_doors,
          minivault_20, chequers_arboretum, uniq_prince_ribbit1, uniq_grum,
          uniq_maurice
D:10:     layout_loops_cross, fiery_altar_vehumet, david_orc_2, serial_glass,
          glass_columns_b, glass_columns_c, onia_ninara_dug_in_and_dangerous
D:11:     layout_irregular_city, minmay_beelzebubs_servants
D:12:     layout_roguey
D:13:     layout_grid_maze, erik_vaults_1, serial_shops, nicolae_shop_stone
D:14:     layout_basic, serial_shops, nicolae_shop_tiny_real_fake_doors,
          gauntlet_entry_generic, minmay_splitting_lines, uniq_agnes
D:15:     grunt_enter_depths_giant_problem, layout_rooms, minmay_misc_feat_iff,
          uniq_jorgrun
Lair:1:   layout_cave_pods, nzn_random_ring, grunt_megastairs_2
Lair:2:   layout_regular_city, spider_nest_entry_a, serial_rivers,
          chequers_serial_rivers_micro_b, chequers_serial_rivers_room_a,
          chequers_serial_rivers_marsh, chequers_serial_rivers_micro_d,
          minmay_lindwurm_lava, lemuel_fruit_fields
Lair:3:   layout_cave_pods, minmay_shoals_entry_beasts, lemuel_centaur_altar
Lair:4:   layout_misc_corridors, portal_ice_cave_entry_ice_simulacra
Lair:5:   hellmonk_lair_end_abyssal_woods, layout_big_grid, slime_entry_1,
          serial_bayou_shore_a, uniq_rupert
Shoals:1: nicolae_shoals_island_circles, layout_shoals
Shoals:2: layout_shoals, nicolae_shoals_seven_spires
Shoals:3: layout_shoals, argonaut_gorgonesque
Shoals:4: shoals_end_hangedman, layout_shoals, shoals_ilsuiw_alternative,
          serial_shops, nicolae_shop_peninsula
Spider:1: layout_spider_delve, nicolae_spider_eight_legs
Spider:2: layout_spider_delve, nicolae_spider_checkerboard
Spider:3: layout_spider_delve, nicolae_spider_stair_cavern
Spider:4: guppyfry_spider_rune, uniq_arachne
Orc:1:    layout_caves, mines2_david
Orc:2:    st_orc_pillars, layout_caves
Elf:1:    nicolae_elf_arrival_dilemma, layout_geoelf_diagonals, serial_shops,
          shop, nicolae_shop_tiny_real_fake_doors, nicolae_take_the_stairs,
          kennysheep_underground_church, uniq_kirke, uniq_roxanne, uniq_frances
Elf:2:    nicolae_elf_blades_crystal_corner, layout_loops_cross,
          gammafunk_ghost_grave, moated_statue, nicolae_elf_big_sculpture_1,
          nicolae_danse_macabre
Elf:3:    minmay_elf_hall_quartered_circle, layout_geoelf_octagon, basic_altar,
          serial_shops, nicolae_shop_window_shopping
Vaults:1: portal_desolation_entry_holy_temple, ontoclasm_vaults_ring_small,
          nicolae_vaults_shelves_hall, v_pattern_4,
          nicolae_vaults_offset_grid_hallway_4,
          nicolae_vaults_twisting_passages, hangedman_vaults_impose,
          nicolae_vaults_octothorpe, st_lattice,
          nicolae_vaults_closet_pinwheel_4, layout_vaults_chaotic_city
Vaults:2: gammafunk_sealed_arena, minmay_crypt_entry_simple_box,
          hangedman_vaults_stagger, v_misc_12,
          nicolae_vaults_storage_room_doors, nicolae_vaults_tetromino_L_2,
          vaults_room_fancy_cross, ontoclasm_vaults_loading_screen,
          vaults_dpeg_emergency_exit, ontoclasm_vaults_ligature,
          nicolae_vaults_layer_cake_slice, nicolae_vaults_house_2,
          nicolae_vaults_ninety_degrees, vaults_room_hallway,
          nicolae_vaults_tetromino_L_2, layout_vaults_omnibox, uniq_saint_roka
Vaults:3: nicolae_vaults_storage_closets_1, vaults_room_grid,
          nicolae_vaults_cochlea, v_misc_1, nicolae_vaults_tetromino_L_2,
          nicolae_vaults_shelves_hall, hangedman_vaults_stitches,
          vaults_room_grunt_arrival_ludios, nicolae_vaults_mitosis, v_misc_3,
          nicolae_vaults_big_angled_halls, v_misc_22, v_misc_17,
          nicolae_vaults_tetromino_Z_1, layout_vaults_maze,
          nicolae_trove_entry_diagonal, serial_shops,
          nicolae_shop_hallway_stairs, uniq_nikola
Vaults:4: ontoclasm_vaults_fault, nicolae_vaults_doubleplus_tesselated,
          v_misc_31, nicolae_vaults_ring_of_whatevers,
          nicolae_vaults_tetromino_T_2, nicolae_vaults_house_2, v_misc_16,
          v_misc_15, nicolae_vaults_trapezoid_lopsided_1,
          hangedman_vaults_stream, ontoclasm_vaults_hangar,
          nicolae_vaults_house_1, layout_vaults_omnigrid, serial_shops,
          nicolae_shop_real_fake_doors
Vaults:5: serial_shops, uniq_jory
Crypt:1:  layout_catacombs, nicolae_crypt_little_mausoleum
Crypt:2:  minmay_guarded_unrand_majin_bo, layout_misc_corridors
Crypt:3:  church_of_pain_bobbens, layout_chaotic_city, uniq_margery
Tomb:1
Depths:1: minmay_textured_paths, layout_cave_shapes,
          hangedman_decor_diamond_cutter, hell_entry, serial_shops, shop,
          abyss_entry, lightli_gold_pyramid, uniq_sojobo
Depths:2: minmay_the_grid_triangle_9x9_recursive_2_mashed
          [minmay_the_grid_triangle_9x9_prize_special,
          minmay_the_grid_triangle_9x9_alien,
          minmay_the_grid_triangle_9x9_warning,
          minmay_the_grid_triangle_9x9_longest], layout_gridlike,
          enter_ziggurat_f, hell_entry, grunt_pan_entry_in_and_out,
          minmay_misc_feat_x, kennysheep_decorative_pillar
Depths:3: minmay_bubble_buster, layout_cave_pools, mu_enter_wizlab_2,
          minmay_misc_feat_more_columns, abyss_entry, hell_entry,
          kennysheep_generic_room_9, uniq_vv
Depths:4: grunt_zot_entry_bicorn, layout_gridlike,
          amcnicky_mini_rare_corridor_liquid, ebering_ghost_disaster_area,
          pan_entry, hell_entry, chequers_big_river
Hell
Dis:1:    layout_gridville
Geh:1:    layout_gehenna_pools_box
Zot:1:    kennysheep_bubbly, layout_onion, uniq_parghit, uniq_grunn
Zot:2:    layout_misc_corridors, hangedman_zot_decor_slant
Zot:3:    layout_gridlike
Zot:4:    layout_basic, hellmonk_ghost_big_iron, lemuel_baited_zot_trap
Zot:5:    layout_cellular_growth

Skill      XL: |  1  2  3  4  5  6  7  8  9 10 11 12 13 14 15 16 17 18 19 20 21 22 23 24 25 26 27 |
---------------+----------------------------------------------------------------------------------+-----
Fighting       | 4 5 6 7 8 10 11 12 13 14 15 16 17 18 19 20 21 22 23 24 25 26 27 | 27.0
Axes           | 4 5 6 7 8 10 11 12 13 14 15 16 17 18 19 20 21 22 23 24 25 26 27 | 27.0
Armour         | 3 4 5 7 8 9 10 12 13 14 15 16 17 18 19 20 21 22 23 24 25 26 27 | 27.0
Dodging        | 3 4 5 6 7 8 10 11 12 13 14 15 16 17 18 19 20 21 22 23 24 27 | 27.0
Shields        | 2 4 6 8 9 10 12 13 14 15 16 17 18 19 20 21 22 23 24 25 | 25.1
Ranged Weapons | 1 5 7 8 10 11 12 13 14 | 14.0

Action                     |  1- 3 |  4- 6 |  7- 9 | 10-12 | 13-15 | 16-18 | 19-21 | 22-24 | 25-27 || total
---------------------------+-------+-------+-------+-------+-------+-------+-------+-------+-------++-------
  Melee: Hand axe          |    57 |    60 |    24 |   182 |   250 |       |       |       |       ||   573
         Headbutt          |     8 |    10 |    33 |    76 |   106 |    75 |   153 |   331 |   367 ||  1159
         War axe           |       |       |   123 |    89 |       |       |       |       |       ||   212
         Broad axe         |       |       |    15 |       |   138 |   312 |   613 |  1065 |  1220 ||  3363
   Fire: Sling             |       |       |       |    99 |   841 |  1025 |   543 |   121 |    60 ||  2689
  Throw: Dart              |       |       |     4 |     9 |     4 |     1 |       |     1 |     7 ||    26
         Javelin           |       |       |     3 |       |       |       |       |       |       ||     3
 Invoke: Berserk           |     2 |     1 |     5 |     8 |    14 |     4 |     8 |     6 |    12 ||    60
         Trog's Hand       |       |       |       |       |    12 |     3 |    12 |     5 |     9 ||    41
         Brothers in Arms  |       |       |       |       |     2 |     3 |     5 |       |     2 ||    12
  Evoke: Wand              |       |       |       |       |     1 |       |       |     1 |     3 ||     5
    Use: Scroll            |       |       |       |       |    29 |     3 |     4 |     3 |    27 ||    66
         Potion            |       |       |       |       |       |       |     1 |     1 |    16 ||    18
   Stab: Distracted        |       |       |       |       |     1 |     1 |       |       |       ||     2
         Paralysed         |       |       |       |       |     1 |       |       |       |       ||     1
 Armour: Animal skin       |    12 |       |       |       |       |       |       |       |       ||    12
         Ring mail         |     5 |       |    11 |    97 |    44 |       |       |       |       ||   157
         Plate armour      |       |    28 |    62 |       |       |       |       |       |       ||    90
         Crystal plate arm |       |       |       |       |   428 |   708 |   408 |   448 |   251 ||  2243
         Chain mail        |       |       |       |       |    13 |       |       |       |       ||    13
         Gold dragon scale |       |       |       |       |       |       |       |       |   430 ||   430
  Dodge: Dodged            |    31 |    13 |    83 |   208 |   437 |   498 |   324 |   379 |   612 ||  2585
  Block: Buckler           |       |       |    39 |   119 |    47 |       |       |       |       ||   205
         Kite shield       |       |       |       |       |   253 |       |       |       |       ||   253
         Tower shield      |       |       |       |       |   493 |  1212 |   895 |  1059 |  1402 ||  5061
         Reflection        |       |       |       |       |    57 |    57 |    59 |    38 |    18 ||   229
